 Dungeon Crawl Stone Soup version 0.25-a0-185-g6cfeca75b2 (webtiles) character file.

Game seed: 13539326555832565416, levelgen mode: deterministic

620 sankara the Ruffian (level 7, 0/56 HPs)
             Began as a Minotaur Transmuter on Nov 28, 2019.
             Was an Initiate of Ru.
             Slain by an orc
             ... wielding a +2 flail of draining
              (2 damage)
             ... on level 4 of the Dungeon.
             The game lasted 00:25:49 (5772 turns).

sankara the Ruffian (Minotaur Transmuter)           Turns: 5772, Time: 00:25:49

Health: 0/56       AC:  3    Str: 14    XL:     7   Next: 22%
Magic:  2/8        EV: 13    Int: 12    God:    Ru [......]
Gold:   218        SH:  0    Dex: 11    Spells: 2/8 levels left

rFire    . . .     SeeInvis .     - Unarmed
rCold    . . .     Gourm    .   (no shield)
rNeg     . . .     Faith    .   A - +0 robe
rPois    .         Spirit   .   (helmet restricted)
rElec    .         Reflect  .   o - +0 cloak
rCorr    .         Harm     .   (no gloves)
MR       .....                  (boots currently unavailable)
Stlth    +.........             (no amulet)
HPRegen  0.18/turn              (no ring)
MPRegen  0.11/turn              (no ring)

@: appendage, very slightly contaminated, drained
A: retaliatory headbutt, horns 2, talons 3
a: End Transformation, Renounce Religion


You were on level 4 of the Dungeon.
You worshipped Ru.
Ru was noncommittal.
You were hungry.
You had grown temporary talons.
You visited 1 branch of the dungeon, and saw 4 of its levels.

You collected 218 gold pieces.

Inventory:

Hand Weapons
 b - a +0 hunting sling
   (You found it on level 2 of the Dungeon)
 f - a +0 whip of venom
   (You found it on level 1 of the Dungeon)
 p - a +0 dagger
   (You took it off a goblin on level 1 of the Dungeon)
 C - a +1 vampiric dagger {!w}
   (You took it off an orc wizard on level 3 of the Dungeon)
Missiles
 a - 72 arrows
 g - 4 boomerangs (quivered)
 i - 2 javelins
 l - 68 stones
 m - a throwing net {=f, !d}
 r - 51 bolts
 u - 4 atropa-tipped darts
 v - 19 sling bullets
 w - 8 curare-tipped darts
 I - 15 poisoned darts
Armour
 o - a +0 cloak (worn)
   (You took it off Crazy Yiuf on level 2 of the Dungeon)
 A - a +0 robe (worn)
   (You found it on level 2 of the Dungeon)
 B - a +0 buckler
   (You found it on level 3 of the Dungeon)
Jewellery
 H - a +4 ring of protection
   (You took it off a gnoll on level 3 of the Dungeon)
Scrolls
 j - 2 scrolls of magic mapping {unknown}
 n - 3 scrolls of remove curse
 t - a scroll of fog {unknown}
 y - a scroll of immolation {unknown}
 E - a scroll of enchant armour {unknown}
Potions
 c - a potion of degeneration {unknown}
 h - a potion of lignification {unknown}
 k - a potion of berserk rage {!q}
 s - 2 potions of curing
 x - a potion of invisibility {unknown}
 z - a potion of cancellation {unknown}
 D - a potion of flight {unknown}
 F - a potion of haste {unknown}
 G - 2 potions of mutation {!q}
Comestibles
 d - 7 rations


   Skills:
 + Level 2.8(1.9) Fighting
 - Level 0.3(1.5) Slings
 + Level 3.5(2.6) Throwing
 + Level 4.3(3.3) Dodging
 + Level 6.4(5.4) Unarmed Combat
 - Level 1.3(0.5) Spellcasting
 - Level 1.5(0.7) Transmutations
 - Level 1.0(0.2) Poison Magic


You had 2 spell levels left.
You knew the following spells:

 Your Spells              Type           Power        Failure   Level  Hunger
a - Beastly Appendage     Tmut           #.....       24%         1    ##.....
b - Sticks to Snakes      Tmut           #.......     34%         2    ###....
c - Spider Form           Tmut/Pois      #.........   61%         3    ####...

Your spell library contained the following spells:

 Spells                   Type           Power        Failure   Level  Hunger
 Ice Form                 Ice/Tmut       #.......     95%         4    #####..
 Blade Hands              Tmut           #.........   100%        5    ######.


Dungeon Overview and Level Annotations

Branches:
Dungeon (4/15)
 Temple: D:4-7

Altars:
Ashenzari
Ru
The Shining One


Innate Abilities, Weirdness & Mutations

You reflexively headbutt those who attack you in melee.
You have a pair of horns on your head.
You have claws for feet.


Message History

You see here an orc skeleton.
There is a stone staircase leading down here.
You see here a +0 hand axe.
There is a stone staircase leading up here.
Casting: Spider Form (slightly dangerous; 45% risk of failure)
Confirm with . or Enter, or press ? or * to list all spells.
You turn into a venomous arachnid creature.
Your +0 hunting sling melds into your body.
Your +0 cloak melds into your body.
Your +0 robe melds into your body.
You completely miss the ogre.
The ogre is moderately wounded.
The ogre hits you with a +0 giant spiked club!
You bite the ogre!
The ogre is poisoned.
The ogre is heavily wounded.
The ogre misses you.
You bite the ogre!
You kill the ogre!
You have reached level 7!
Your transformation is almost over.
Things that are here:
a +0 giant spiked club; a +0 hand axe
There is a stone staircase leading up here.
You start resting.
Eating a chunk of flesh {@w0}.
You eat the chunk of flesh {@w0}.
This raw flesh tastes terrible.
Your transformation has ended.
Your +0 hunting sling unmelds from your body.
Your +0 cloak unmelds from your body.
Your +0 robe unmelds from your body.
You start resting.
Your magical contamination has completely faded away.
You start resting.
HP restored.
Magic restored.
Things that are here:
a +0 giant spiked club; a +0 hand axe
There is a stone staircase leading down here.
The naga warrior shouts!
The black mamba hisses angrily.
The naga shouts!
An orc comes into view. It is wielding a +0 falchion.
Okay, then.
Casting: Spider Form (slightly dangerous; 45% risk of failure)
Confirm with . or Enter, or press ? or * to list all spells.
You miscast Spider Form.
You are very lightly contaminated with residual magic.
Your body is twisted painfully.
The naga warrior shouts!
The orc shouts!
Casting: Spider Form (slightly dangerous; 45% risk of failure)
Confirm with . or Enter, or press ? or * to list all spells.
You turn into a venomous arachnid creature.
Your +0 hunting sling melds into your body.
Your +0 cloak melds into your body.
Your +0 robe melds into your body.
Your transformation is almost over.
You see here an orc skeleton.
An orc priest comes into view.
It is wielding a +2 war axe of freezing.
The orc priest shouts!
You hit the orc.
The orc is poisoned.
The orc is heavily wounded.
The orc drinks a potion.
The orc goes berserk!
The orc shouts!
You bite the orc!
You kill the orc!
Things that are here:
a +0 falchion; a +0 leather armour You closely miss the orc priest.
The orc priest hits you with a +2 war axe of freezing!
The orc priest freezes you.
You are too injured to fight recklessly!
You are too injured to fight recklessly!
You are too injured to fight recklessly!
You bite the orc priest!
The orc priest is poisoned.
The orc priest is heavily wounded.
The orc priest hits you with a +2 war axe of freezing!
The orc priest freezes you.
You bite the orc priest!
You kill the orc priest!
The orc hits you with a +2 flail of draining!
You feel drained.
You completely miss the orc.
Your transformation has ended.
Your +0 hunting sling unmelds from your body.
Your +0 cloak unmelds from your body.
Your +0 robe unmelds from your body.
The orc barely misses you.
Casting: Spider Form (quite dangerous; 52% risk of failure)
Confirm with . or Enter, or press ? or * to list all spells.
Your feet morph into talons.
The orc hits you with a +2 flail of draining!
* * * LOW HITPOINT WARNING * * *
You feel drained.
* * * LOW HITPOINT WARNING * * *
Really attack while wielding your +0 hunting sling?
Okay, then.
Really attack while wielding your +0 hunting sling?
Okay, then.
You are now empty-handed.
You are feeling hungry.
You barely miss the orc. You claw the orc.
The orc is heavily wounded.
The orc hits you with a +2 flail of draining.
* * * LOW HITPOINT WARNING * * *
You feel drained.
You die...

#######>.# #..##### #.###
##.#....
########...#########....###
##....................##..#.
#..#####....##########......
#### #...#÷.## #...#..
#####...### # #...##.
#≈≈t#)..#S#.# #...####
#≈§t#@..#N#.#...### ##
#§§t#)o.##N.#########.
#≈§§#...#N#.# ......
#≈≈♣#...#N..# ......
#≈§§#...###.# ...###
#≈§♣#...#S..# ...
#§§§#._.#...# ..
#§§§#...#...# #§§≈#...#...#
#


You could see 2 naga warriors, 3 alligators, 2 black mambas, 2 nagas and an orc.

Vanquished Creatures
  An ice beast (D:3)
  An ogre (D:4)
  3 orc priests
  Crazy Yiuf (D:2)
  2 orc wizards (D:3)
  2 worker ants (D:4)
  8 gnolls
  4 adders
  2 oozes
  5 worms
  6 dart slugs
  4 leopard geckos
  4 orcs
  6 bats
  2 giant cockroaches
  8 goblins
  5 hobgoblins
  10 jackals
  A quokka (D:2)
  A ball python (D:2)
  6 frilled lizards
  5 kobolds (D:2)
  7 rats
94 creatures vanquished.

Notes
Turn   | Place    | Note
-------+----------+-------------------------------------------
     0 | D:1      | sankara the Minotaur Transmuter began the quest for the
                  | Orb.
     0 | D:1      | Reached XP level 1. HP: 16/16 MP: 1/1
    17 | D:1      | Reached XP level 2. HP: 21/23 MP: 0/3
    20 | D:1      | Reached skill level 4 in Unarmed Combat
    30 | D:1      | Learned a level 2 spell: Sticks to Snakes
   752 | D:1      | You fall into a shaft and drop 1 floor!
   777 | D:1      | Reached XP level 3. HP: 23/28 MP: 2/4
  1387 | D:2      | Reached skill level 5 in Unarmed Combat
  1618 | D:2      | Reached XP level 4. HP: 11/35 MP: 2/5
  1863 | D:2      | Reached skill level 1 in Throwing
  2368 | D:2      | Found a sacrificial altar of Ru.
  2383 | D:2      | Became a worshipper of Ru the Awakened
  2478 | D:2      | Found a runed translucent door.
  2479 | D:2      | Noticed Crazy Yiuf
  2488 | D:2      | Killed Crazy Yiuf
  2700 | D:3      | Reached XP level 5. HP: 17/40 MP: 4/6
  2701 | D:3      | Noticed an ice beast
  2711 | D:2      | Reached skill level 2 in Throwing
  2959 | D:3      | Reached skill level 3 in Dodging
  3170 | D:2      | Learned a level 3 spell: Spider Form
  3289 | D:3      | Reached XP level 6. HP: 30/47 MP: 0/7
  3407 | D:3      | Found a glowing golden altar of the Shining One.
  3462 | D:3      | Reached skill level 6 in Unarmed Combat
  3716 | D:3      | HP: 11/47 [poisoned by a gnoll]
  3722 | D:3      | HP: 6/47 [poisoned by a gnoll]
  3727 | D:3      | HP: 4/47 [poisoned by a gnoll]
  3733 | D:3      | HP: 3/47 [poisoned by a gnoll]
  3741 | D:3      | HP: 2/47 [poisoned by a gnoll]
  4088 | D:3      | Killed an ice beast
  4088 | D:3      | Reached skill level 3 in Throwing
  4140 | D:3      | Reached skill level 2 in Fighting
  4959 | D:4      | HP: 8/48 [ogre/+0 giant club (24)]
  5286 | D:4      | Reached skill level 4 in Dodging
  5286 | D:4      | Reached skill level 1 in Poison Magic
  5500 | D:4      | Found a shattered altar of Ashenzari.
  5504 | D:4      | Saw a vision of the Swamp and the Snake Pit.
  5504 | D:4      | Noticed a swamp drake
  5504 | D:4      | Noticed a naga warrior
  5504 | D:4      | Noticed an alligator
  5504 | D:4      | Noticed an alligator
  5504 | D:4      | Noticed a naga warrior
  5504 | D:4      | Noticed a naga
  5504 | D:4      | Noticed a black mamba
  5504 | D:4      | Noticed a naga mage
  5504 | D:4      | Noticed an alligator
  5504 | D:4      | Noticed a black mamba
  5505 | D:4      | Noticed a naga
  5672 | D:4      | Reached XP level 7. HP: 45/56 MP: 1/8
  5770 | D:4      | HP: 10/56 [orc/+2 flail of draining (7)]
  5772 | D:4      | HP: 2/56 [orc/+2 flail of draining (6)]
  5772 | D:4      | Slain by an orc

Levels and vault maps discovered:
D:1:      dpeg_arrival_simpleton_c, layout_basic, minivault_5
D:2:      layout_loops_ring, nicolae_ru_path_of_blood, uniq_crazy_yiuf_cottage
D:3:      layout_basic, first_ration, tso_metal_star
D:4:      layout_rooms, grunt_ashenzari_visionary
          [grunt_ashenzari_visionary_swamp, grunt_ashenzari_visionary_snake]

Skill      XL: |  1  2  3  4  5  6 |
---------------+-------------------+-----
Unarmed Combat | 4 5 6 |  6.4
Throwing       | 1 2 3 |  3.5
Dodging        | 3 4 |  4.3
Fighting       | 2 |  2.8
Poison Magic   | 1 |  1.0
Slings         | |  0.3
Spellcasting   | |  1.3
Transmutations | |  1.5

Action                   |  1- 3 |  4- 6 |  7- 9 || total
-------------------------+-------+-------+-------++-------
Melee: Unarmed           |    76 |   174 |     7 ||   257
       Kick              |    11 |    34 |     1 ||    46
       Headbutt          |     6 |    19 |       ||    25
       Punch             |       |     1 |       ||     1
 Fire: Hunting sling     |       |    56 |       ||    56
Throw: Boomerang         |     2 |     1 |       ||     3
 Cast: Beastly Appendage |    22 |    32 |     1 ||    55
       Sticks to Snakes  |     1 |     2 |       ||     3
       Spider Form       |       |     4 |     1 ||     5
  Use: Scroll            |       |     3 |       ||     3
       Potion            |       |     1 |       ||     1
  Eat: Chunk             |     3 |    15 |     1 ||    19
Armor: Robe              |    14 |    24 |       ||    38
Dodge: Dodged            |    47 |    99 |     1 ||   147

Table legend:
 A = Non-vault XP
 B = Vault XP
 C = Vault XP percentage of total XP
 D = Non-vault monster count
 E = Vault monster count
 F = Vault count percentage of total count
                 A         B        C        D         E       F
            +---------+---------+-------+---------+---------+-------
      Total |     846 |      40 |   4.5 |      93 |       1 |   1.1
            +---------+---------+-------+---------+---------+-------
        D:1 |      55 |       0 |   0.0 |      23 |       0 |   0.0
        D:2 |      92 |      40 |  30.3 |      32 |       1 |   3.0
        D:3 |     419 |       0 |   0.0 |      26 |       0 |   0.0
        D:4 |     280 |       0 |   0.0 |      12 |       0 |   0.0
            +---------+---------+-------+---------+---------+-------

Levels and vault maps discovered:
D:1:      dpeg_arrival_simpleton_c, layout_basic, minivault_5
D:2:      layout_loops_ring, nicolae_ru_path_of_blood, uniq_crazy_yiuf_cottage
D:3:      layout_basic, first_ration, tso_metal_star
D:4:      layout_rooms, grunt_ashenzari_visionary
          [grunt_ashenzari_visionary_swamp, grunt_ashenzari_visionary_snake]

Table legend:
 A = Turns spent in this place as a percentage of turns spent in the entire game.
 B = Non-inter-level travel turns spent in this place as a percentage of non-inter-level travel turns spent in the entire game.
 C = Inter-level travel turns spent in this place as a percentage of turns spent in this place.
 D = Turns resting spent in this place as a percentage of non-inter-level travel turns spent in this place.
 E = Turns spent auto-exploring this place as a percentage of non-inter-level travel turns spent in this place.
 F = Non-inter-level travel turns spent in this place divided by the number of levels of this place that you've seen.
                   A       B       C       D       E      F
               +-------+-------+-------+-------+-------+----------------------
         Total | 100.0 | 100.0 |   5.8 |  45.2 |  32.7 | 1359.2
       Dungeon | 100.0 | 100.0 |   5.8 |  45.2 |  32.7 | 1359.2
               +-------+-------+-------+-------+-------+----------------------

Table legend:
 A = Kills in this place as a percentage of kills in entire the game.
 B = Kills by you in this place as a percentage of kills by you in the entire game.
 C = Kills by friends in this place as a percentage of kills by friends in the entire game.
 D = Other kills in this place as a percentage of other kills in the entire game.
 E = Experience gained in this place as a percentage of experience gained in the entire game.
 F = Experience gained in this place divided by the number of levels of this place that you have seen.
                   A       B       C       D       E      F
               +-------+-------+-------+-------+-------+----------------------
         Total | 100.0 | 100.0 |   N/A |   N/A | 100.0 | 221.5
       Dungeon | 100.0 | 100.0 |   N/A |   N/A | 100.0 | 221.5
               +-------+-------+-------+-------+-------+----------------------
